 Dungeon Crawl Stone Soup version bcrawl-1.41 (webtiles) character file.

Game seed: 12027868757225263807

226922 Yshiel the Chiller (level 8, -2/59 HPs)
             Began as a Gnoll Ice Elementalist on Apr 12, 2024.
             Slain by a meliai zombie (7 damage)
             ... on level 6 of the Dungeon on Apr 13, 2024.
             The game lasted 00:46:09 (5978 turns).

Yshiel the Chiller (Gnoll Ice Elementalist)         Turns: 5978, Time: 00:46:10

Health: -2/59      AC:  3    Str: 10    XL:     8   Next: 89%
Magic:  16/17      EV: 16    Int: 20    God:
Gold:   266        SH:  0    Dex: 16    Spells: 16/19 levels left

rFire    . . .     GDR:     30% h - +0 dagger
rCold    . . .     SeeInvis .   (no shield)
rNeg     . . .     Gourm    .   a - +0 robe
rPois    .         Faith    .   (no helmet)
rElec    .         Spirit   .   (no cloak)
rCorr    .         Reflect  .   (no gloves)
MR       .....                  k - +0 pair of boots
Stlth    +++.......             r - amulet of regeneration
HPRegen  0.67/turn              (no ring)
MPRegen  0.15/turn              (no ring)

@: about to teleport
A: distributed training, fangs 1, strong nose
a: no special abilities


You were on level 6 of the Dungeon.
You were not hungry.

You visited 1 branch of the dungeon, and saw 7 of its levels.

You collected 266 gold pieces.

Inventory:

Hand Weapons
 b - a +0 hunting sling
 h - a +0 dagger (weapon)
Missiles
 f - 1671 stones
 q - 18 poisoned tomahawks (quivered)
Armour
 a - a +0 robe (worn)
 k - a +0 pair of boots (worn)
Jewellery
 r - an amulet of regeneration (around neck)
Wands
 c - a wand of iceblast (1)
 u - a wand of polymorph (12)
Scrolls
 i - 2 scrolls of identify
 j - a scroll of teleportation
 l - a scroll of amnesia
 n - 2 scrolls of remove curse
 s - a scroll of blinking {unknown}
 v - a scroll of enchant weapon {unknown}
 w - a scroll of summoning {unknown}
Potions
 d - 2 potions of resistance
 g - a potion of invisibility
 m - 2 potions of berserk rage
 o - 2 potions of magic
 p - a potion of brilliance {unknown}
 t - a potion of degeneration {unknown}
Comestibles
 e - 15 rations {!d}
 x - 4 chunks of flesh


   Skills:
 + Level 3.6 Fighting
 + Level 3.6 Short Blades
 + Level 3.6 Long Blades
 + Level 3.6 Axes
 + Level 3.6 Maces & Flails
 + Level 3.6 Polearms
 + Level 3.6 Staves
 + Level 3.6 Slings
 + Level 3.6 Bows
 + Level 3.6 Crossbows
 + Level 3.6 Throwing
 + Level 3.6 Armour
 + Level 5.9 Dodging
 + Level 5.9 Stealth
 + Level 3.6 Shields
 + Level 3.6 Unarmed Combat
 + Level 6.2 Spellcasting
 + Level 3.7 Conjurations
 + Level 2.9 Hexes
 + Level 2.9 Charms
 + Level 2.9 Summonings
 + Level 2.9 Necromancy
 + Level 2.9 Translocations
 + Level 2.9 Transmutations
 + Level 2.9 Fire Magic
 + Level 6.2 Ice Magic
 + Level 2.9 Air Magic
 + Level 2.9 Earth Magic
 + Level 2.9 Poison Magic
 + Level 4.0 Invocations
 + Level 3.6 Evocations


You had 16 spell levels left.
You knew the following spells:

 Your Spells              Type           Power        Failure   Level  Hunger
a - Freeze                Ice            ####..       1%          1    None
b - Swiftness             Chrm/Air       ###.....     4%          2    None

Your spell library contained the following spells:

 Spells                   Type           Power        Failure   Level  Hunger
 Throw Frost              Conj/Ice       ####..       1%          2    None
 Passwall                 Tmut/Erth      ###.....     4%          2    None
 Ozocubu's Armour         Chrm/Ice       ###.....     4%          3    #......
 Throw Icicle             Conj/Ice       ####....     13%         4    ####...
 Ice Form                 Ice/Tmut       ###.....     16%         4    ####...
 Summon Ice Beast         Ice/Summ       ###.....     16%         4    ####...
 Lee's Rapid Deconstruct  Erth           ###.......   63%         5    #####..
 Passage of Golubria      Tloc           N/A          63%         5    #####..
 Darkness                 Hex            ###.......   99%         6    #######
 Invisibility             Hex            ###.....     99%         6    #######


Dungeon Overview and Level Annotations

Branches:
Dungeon (7/12)
 Temple: D:4-7         Lair: D:7-9

Altars:
Cheibriados
Fedhas
The Shining One

Annotations:
D:6 2 transporters, yrara's ghost, novice DsFi


Innate Abilities, Weirdness & Mutations

Your experience applies equally to all skills.
You have very sharp teeth.
Your uncanny sense of smell can sniff out nearby items.


Message History

The meliai zombie hits you but does no damage.
The meliai zombie hits you! The meliai zombie hits you.
* * * LOW HITPOINT WARNING * * *
The meliai zombie barely misses you. x2
The meliai zombie barely misses you. The meliai zombie misses you.
The meliai zombie misses you. The meliai zombie closely misses you.
The meliai zombie closely misses you. The meliai zombie hits you.
* * * LOW HITPOINT WARNING * * *
Okay, then.
As you read the scroll of teleportation, it crumbles to dust.
You feel strangely unstable. The meliai zombie hits you!
* * * LOW HITPOINT WARNING * * *
The meliai zombie hits you.
* * * LOW HITPOINT WARNING * * *
The meliai zombie misses you. The meliai zombie hits you.
* * * LOW HITPOINT WARNING * * *
The meliai zombie hits you.
* * * LOW HITPOINT WARNING * * *
The meliai zombie hits you!
You die...

#####...†........#
#............# ∆
########............#
#.......#####....#..#
#.......# #....#..#
#.......# #....#..#
#.......#####....#..#
#.......'.......Z#.(#
#.......#####...@#..#
#.......# #....#..#
#####..## #....#..#
∆∆####∆∆ ##.#.#..##
∆∆ ∆∆ #.#.#...#
#.#.#...# ..##
#.#.#...#
.....##.#.....#
#....#####.#


You could see a meliai zombie.

Vanquished Creatures
  A water moccasin (D:6)
  An ice beast (D:5)
  An orc warrior (D:6)
  A phantom (D:4)
  3 sky beasts
  2 bullfrogs
  A centaur (D:5)
  A scorpion (D:5)
  The ghost of LinLOL the Skirmisher, a weakling DsAK of Lugonu (D:3)
  2 crimson imps
  A howler monkey (D:4)
  A bullfrog zombie (D:5)
  A hound (D:4)
  A jelly (D:5)
  3 orc wizards
  A bullfrog skeleton (D:4)
  An iguana (D:3)
  3 worker ants
  A hound zombie (D:5)
  A hound skeleton (D:4)
  4 adders
  An ooze (D:1)
  An adder skeleton (D:4)
  4 worms
  4 dart slugs
  6 leopard geckos
  13 orcs
  5 bats
  5 giant cockroaches
  9 goblins
  12 hobgoblins
  10 jackals
  10 kobolds
  8 quokkas
  4 frilled lizards
  5 rats
129 creatures vanquished.

Notes
Turn   | Place    | Note
-------+----------+-------------------------------------------
     0 | D:1      | Yshiel the Gnoll Ice Elementalist began the quest for the
                  | Orb.
     0 | D:1      | Reached XP level 1. HP: 13/13 MP: 6/6
    53 | D:1      | Reached XP level 2. HP: 19/19 MP: 0/7
   257 | D:1      | Reached XP level 3. HP: 24/25 MP: 9/9
   294 | D:1      | Reached skill level 5 in Spellcasting
   615 | D:1      | Reached skill level 1 in Invocations
   984 | D:2      | Reached skill level 1 in Fighting
   984 | D:2      | Reached skill level 1 in Short Blades
   984 | D:2      | Reached skill level 1 in Long Blades
   984 | D:2      | Reached skill level 1 in Axes
   984 | D:2      | Reached skill level 1 in Maces & Flails
   984 | D:2      | Reached skill level 1 in Polearms
   984 | D:2      | Reached skill level 1 in Staves
   984 | D:2      | Reached skill level 1 in Slings
   984 | D:2      | Reached skill level 1 in Bows
   984 | D:2      | Reached skill level 1 in Crossbows
   984 | D:2      | Reached skill level 1 in Throwing
   984 | D:2      | Reached skill level 1 in Armour
   984 | D:2      | Reached skill level 1 in Shields
   984 | D:2      | Reached skill level 1 in Unarmed Combat
   984 | D:2      | Reached skill level 1 in Evocations
  1028 | D:2      | Reached XP level 4. HP: 24/32 MP: 4/11
  1172 | D:2      | Found a snail-covered altar of Cheibriados.
  1174 | D:2      | Found a blossoming altar of Fedhas.
  1627 | D:3      | Reached skill level 1 in Hexes
  1627 | D:3      | Reached skill level 1 in Charms
  1627 | D:3      | Reached skill level 1 in Summonings
  1627 | D:3      | Reached skill level 1 in Necromancy
  1627 | D:3      | Reached skill level 1 in Translocations
  1627 | D:3      | Reached skill level 1 in Transmutations
  1627 | D:3      | Reached skill level 1 in Fire Magic
  1627 | D:3      | Reached skill level 1 in Air Magic
  1627 | D:3      | Reached skill level 1 in Earth Magic
  1627 | D:3      | Reached skill level 1 in Poison Magic
  1753 | D:3      | Reached XP level 5. HP: 29/37 MP: 6/12
  1897 | D:3      | Learned a level 2 spell: Swiftness
  2062 | D:3      | Noticed LinLOL's ghost (weakling DsAK)
  2063 | D:3      | Found a transporter.
  2069 | D:3      | Found a transporter.
  2203 | D:4      | Noticed a sky beast
  2248 | D:3      | Killed LinLOL's ghost
  2615 | D:3      | Found a glowing golden altar of the Shining One.
  2685 | D:4      | Reached XP level 6. HP: 44/44 MP: 13/13
  2823 | D:5      | Entered Level 5 of the Dungeon
  3136 | D:4      | Noticed a sky beast
  3156 | D:4      | Killed a sky beast
  3157 | D:4      | Reached skill level 5 in Dodging
  3157 | D:4      | Reached skill level 5 in Stealth
  3386 | D:4      | Reached XP level 7. HP: 38/50 MP: 7/15
  4410 | D:5      | Reached XP level 8. HP: 53/57 MP: 12/16
  5878 | D:6      | Noticed yrara's ghost (novice DsFi)
  5879 | D:6      | Found a transporter.
  5879 | D:6      | Found a transporter.
  5881 | D:6      | Identified the +8 great mace of the Protecting Moth
                  | {protect, rC+}
  5978 | D:6      | Slain by a meliai zombie

Skill      XL: |  1  2  3  4  5  6  7  8 |
---------------+-------------------------+-----
Conjurations   | 2 3 |  3.7
Spellcasting   | 5 6 |  6.2
Invocations    | 1 2 3 4 |  4.0
Fighting       | 1 2 3 |  3.6
Short Blades   | 1 2 3 |  3.6
Long Blades    | 1 2 3 |  3.6
Axes           | 1 2 3 |  3.6
Maces & Flails | 1 2 3 |  3.6
Polearms       | 1 2 3 |  3.6
Staves         | 1 2 3 |  3.6
Slings         | 1 2 3 |  3.6
Bows           | 1 2 3 |  3.6
Crossbows      | 1 2 3 |  3.6
Throwing       | 1 2 3 |  3.6
Armour         | 1 2 3 |  3.6
Shields        | 1 2 3 |  3.6
Unarmed Combat | 1 2 3 |  3.6
Evocations     | 1 2 3 |  3.6
Hexes          | 1 2 |  2.9
Charms         | 1 2 |  2.9
Summonings     | 1 2 |  2.9
Necromancy     | 1 2 |  2.9
Translocations | 1 2 |  2.9
Transmutations | 1 2 |  2.9
Fire Magic     | 1 2 |  2.9
Air Magic      | 1 2 |  2.9
Earth Magic    | 1 2 |  2.9
Poison Magic   | 1 2 |  2.9
Dodging        | 5 |  5.9
Stealth        | 5 |  5.9
Ice Magic      | 6 |  6.2

Action                   |  1- 3 |  4- 6 |  7- 9 || total
-------------------------+-------+-------+-------++-------
Melee: Unarmed           |    12 |       |       ||    12
       Dagger            |    38 |    85 |   119 ||   242
       Bite              |     9 |    15 |    17 ||    41
Throw: Stone             |     1 |       |     1 ||     2
 Cast: Freeze            |    43 |    96 |   144 ||   283
  Use: Scroll            |       |     4 |     4 ||     8
       Potion            |       |     1 |     1 ||     2
 Stab: Sleeping          |     1 |     2 |     3 ||     6
  Eat: Chunk             |     2 |    10 |    10 ||    22
       Ration            |       |       |     1 ||     1
Armor: Robe              |     6 |    17 |    24 ||    47
Dodge: Dodged            |    66 |   114 |   147 ||   327
